 Dungeon Crawl Stone Soup version 0.29.1-12-g30fa7ad0bf (webtiles) character file.

Game seed: 11358078493650454322

428 retardedninja the Trooper (level 6, -3/56 HPs)
             Began as a Hill Orc Fighter on Jan 5, 2023.
             Slain by an ogre
             ... wielding a +0 giant club
              (27 damage)
             ... on level 4 of the Dungeon.
             The game lasted 00:04:53 (3449 turns).

retardedninja the Trooper (Hill Orc Fighter)        Turns: 3449, Time: 00:04:54

Health: -3/56      AC: 10    Str: 21    XL:     6   Next: 98%
Magic:  6/6        EV:  9    Int:  8    God:
Gold:   263        SH:  5    Dex: 10    Spells: 5/5 levels left

rFire   . . .      SeeInvis .   a - +0 war axe
rCold   . . .      Faith    .   c - +0 buckler
rNeg    . . .      Spirit   .   b - +0 scale mail
rPois   +          Reflect  .   (no helmet)
rElec   .          Harm     .   n - +2 cloak
rCorr   .          Rampage  .   (no gloves)
Will    .....                   (no boots)
Stlth   ..........              (no amulet)
HPRegen 0.18/turn               m - ring of poison resistance
MPRegen 0.10/turn               (no ring)

@: lethally poisoned (-3 -> -6), attractive
A: no striking features
a: no special abilities


You were on level 4 of the Dungeon.
You visited 1 branch of the dungeon, and saw 4 of its levels.

You collected 263 gold pieces.

Inventory:

Hand Weapons
 a - a +0 war axe (weapon)
Armour
 b - a +0 scale mail (worn)
 c - a +0 buckler (worn)
 n - a +2 cloak (worn)
Jewellery
 m - a ring of poison resistance (left hand)
 r - a ring of ice
 u - an amulet of magic regeneration
 w - a ring of protection from cold
Wands
 q - a wand of flame (14)
Scrolls
 e - a scroll of enchant armour
 i - a scroll of silence {unknown}
 k - 3 scrolls of torment {unknown}
 l - 2 scrolls of teleportation {unknown}
 t - 3 scrolls of blinking {unknown}
 v - a scroll of amnesia {unknown}
 x - a scroll of identify
 y - 3 scrolls of poison {unknown}
Potions
 d - a potion of attraction
 f - 2 potions of mutation
 g - 2 potions of haste
 h - 2 potions of curing
 j - a potion of flight
 o - a potion of ambrosia
 p - a potion of magic
 s - 2 potions of degeneration {unknown}


   Skills:
 + Level 5.5 Fighting
 + Level 5.2 Axes
 + Level 5.0 Armour
 + Level 5.0 Shields


You had 5 spell levels left.
You didn't know any spells.
Your spell library contained the following spells:

 Spells                   Type           Power      Damage    Failure   Level
 Shock                    Conj/Air       0%         1d3       82%         1
 Ensorcelled Hibernation  Hex/Ice        0%         N/A       91%         2
 Passwall                 Tmut/Erth      0%         N/A       91%         2
 Dazzling Flash           Conj/Hex       0%         N/A       99%         3
 Swiftness                Air            0%         N/A       99%         3
 Airstrike                Air            0%         2d(0-16)  100%        4
 Agony                    Necr           0%         N/A       100%        5
 Silence                  Hex/Air        0%         N/A       100%        5


Dungeon Overview and Level Annotations

Branches:
Dungeon (4/15)
 Temple: D:4-7

Altars:
Elyvilon
Nemelex Xobeh
Uskayaw

Shops:
D:4 [


Message History

You completely miss the adder. The adder completely misses you.
The phantom hits you but does no damage.
The adder bites you but does no damage. x3
You hit the phantom.
The phantom is heavily damaged.
You closely miss the adder. You hit the adder. You closely miss the adder.
The phantom hits you.
The phantom blinks!
You blink.
The adder bites you but does no damage.
The phantom hits you but does no damage.
Unknown command.
You hit the phantom but do no damage.
The phantom is heavily damaged.
You slash the adder! You closely miss the adder. You barely miss the adder.
The adder barely misses you. The adder bites you.
You are poisoned.
The adder poisons you! The adder closely misses you. The adder bites you. x2
The adder bites you but does no damage. You block the phantom's attack.
You closely miss the phantom.
The phantom is heavily damaged.
You miss the adder. You completely miss the adder. You barely miss the adder.
You feel sick. The adder closely misses you. The adder bites you.
You block the adder's attack. The phantom hits you.
The phantom blinks!
You blink.
The adder bites you.
Unknown command.
You slash the phantom!
The phantom is almost destroyed.
You slash the ogre! You closely miss the adder.
You feel sick. The ogre hits you with a +0 giant club!
The phantom barely misses you. The adder bites you but does no damage.
Unknown command.
You are too injured to fight recklessly!
Unknown command.
You are too injured to fight recklessly!
You are too injured to fight recklessly!
It was a potion of attraction.
You feel attractive to monsters.
You feel sick. The adder bites you but does no damage.
You block the adder's attack. The phantom closely misses you.
The ogre hits you with a +0 giant club!!
You die...

#....##
#.....#
#####.#
###### #.#
...... #.#
.... #..
####.. ##.
#...# #.
#.@W# . #
##
#OSS###...#
# #)S§...#
# #.)....#
# #......#
#'##+##+
#..##
#...##
##...# #


You could see an ogre, a phantom and 3 adders.

Vanquished Creatures
  A black bear (D:4)
  A scorpion (D:4)
  A jelly (D:4)
  Jessica (D:2)
  An iguana (D:4)
  5 gnolls
  6 adders
  3 worms
  5 dart slugs
  4 orcs
  3 ball pythons
  3 endoplasms
  4 giant cockroaches
  7 goblins
  7 hobgoblins
  4 jackals (D:3)
  2 quokkas (D:3)
  7 bats
  A frilled lizard (D:3)
  7 kobolds
  8 rats
81 creatures vanquished.

Notes
Turn   | Place    | Note
-------+----------+-------------------------------------------
     0 | D:1      | retardedninja the Hill Orc Fighter began the quest for the
                  | Orb.
     0 | D:1      | Reached XP level 1. HP: 19/19 MP: 1/1
   219 | D:1      | Reached XP level 2. HP: 22/27 MP: 2/2
   857 | D:2      | Found a sparkling altar of Nemelex Xobeh.
   897 | D:2      | Reached XP level 3. HP: 31/33 MP: 3/3
   991 | D:2      | Noticed Jessica
   996 | D:2      | Killed Jessica
  1001 | D:2      | Reached XP level 4. HP: 35/40 MP: 4/4
  1627 | D:3      | Reached XP level 5. HP: 24/47 MP: 5/5
  2223 | D:3      | Found a faded altar of an unknown god.
  2768 | D:4      | Reached skill level 5 in Fighting
  2768 | D:4      | Reached XP level 6. HP: 41/56 MP: 6/6
  3103 | D:4      | Noticed a black bear
  3114 | D:4      | Killed a black bear
  3115 | D:4      | Reached skill level 5 in Axes
  3234 | D:4      | Reached skill level 5 in Shields
  3256 | D:4      | Found a white marble altar of Elyvilon.
  3296 | D:4      | Found a hide-covered altar of Uskayaw.
  3376 | D:4      | Found Owoehyeb's Antique Armour Emporium.
  3421 | D:4      | Reached skill level 5 in Armour
  3449 | D:4      | Slain by an ogre

Illustrated notes

Levels and vault maps discovered:
D:1:      heliophobic_arrival_battle_scene, layout_loops_ring,
          palyth_stone_intersect
D:2:      layout_rooms, basic_altar, nrook_loot_triangle,
          minmay_misc_feat_doors, uniq_jessica
D:3:      layout_basic, hellmonk_ecumenical_altar_heavens_door
D:4:      minmay_chambers_of_threes, layout_rooms, elyvilon_altar_3,
          general_overflow_altar, serial_shops, nicolae_shop_overgrown_old_shop

Skill      XL: |  1  2  3  4  5  6 |
---------------+-------------------+-----
Axes           | 3 4 5 |  5.2
Fighting       | 4 5 |  5.5
Armour         | 4 5 |  5.0
Shields        | 4 5 |  5.0

Action                   |  1- 3 |  4- 6 || total
-------------------------+-------+-------++-------
Melee: War axe           |    64 |   170 ||   234
  Use: Potion            |     1 |     2 ||     3
       Scroll            |       |     7 ||     7
Armor: Scale mail        |    47 |   122 ||   169
Dodge: Dodged            |    45 |    89 ||   134
Block: Buckler           |    21 |    48 ||    69
